PA
GWINNETT COUNTY BLACK CATS @ WASHINGTON GENERALS
09/07/2030
 
TOP OF THE 1ST
Gwinnett County Black Cats batting - Pitching for Washington Generals : RHP Robert Acker
Pitching: RHP Robert Acker
Batting: RHB Willard Thexton 0-0: Ball
1-0: Ball
2-0: Ball
3-0: Called Strike
3-1: SINGLE (Line Drive, 7S)
Batting: RHB Bill Wilson 0-0: Ball
1-0: Ball
2-0: Swinging Strike
2-1: Ball
3-1: Foul Ball, location: 2F
3-2: Strikes out swinging
Batting: SHB Quentin Harrop 0-0: Swinging Strike
0-1: Ball
1-1: Ball
2-1: Swinging Strike
2-2: Ball
3-2: Fly out, F4 (Flyball, 34D)
Batting: LHB Lonnie Murray 0-0: Ball
1-0: Called Strike
1-1: Swinging Strike
1-2: DOUBLE (Flyball, 8RXD)
Willard Thexton to third
Runner from 3rd tries for Home, SAFE, no throw
Batting: RHB Luc Bartoli 0-0: Fly out, F9 (Flyball, 9LSF)
Top of the 1st over - 1 run, 2 hits, 0 errors, 1 left on base; Gwinnett County 1 - Washington 0
BOTTOM OF THE 1ST
Washington Generals batting - Pitching for Gwinnett County Black Cats : RHP Mike Foley
Pitching: RHP Mike Foley
Batting: RHB Fernando Acevedo 0-0: Swinging Strike
0-1: Ball
1-1: Ball
2-1: Swinging Strike
2-2: Ball
3-2: Strikes out swinging
Batting: RHB Mike Case 0-0: Ball
1-0: Fly out, F7 (Flyball, 7S)
Batting: RHB Josh Mawdesley 0-0: Foul Ball, location: 2F
0-1: Ball
1-1: Ball
2-1: Foul Ball, location: 2F
2-2: Ball
3-2: Strikes out looking
Bottom of the 1st over - 0 runs, 0 hits, 0 errors, 0 left on base; Gwinnett County 1 - Washington 0
TOP OF THE 2ND
Gwinnett County Black Cats batting - Pitching for Washington Generals : RHP Robert Acker
Batting: RHB Jeromy Gride 0-0: Swinging Strike
0-1: DOUBLE (Flyball, 8LD)
Batting: RHB Elder Sarrano 0-0: Ball
1-0: Foul Ball, location: 2F
1-1: Called Strike
1-2: Strikes out looking
Batting: SHB Jesús López 0-0: Ball
1-0: DOUBLE (Groundball, 5L)
Jeromy Gride scores
Batting: RHB Wallace Bane 0-0: Ball
1-0: Fly out, F9 (Flyball, 9S)
Batting: RHB Willard Thexton 0-0: SINGLE (Line Drive, 6M)
Jesús López to third
Batting: RHB Bill Wilson 0-0: Fly out, F8 (Flyball, 8LD)
Top of the 2nd over - 1 run, 3 hits, 0 errors, 2 left on base; Gwinnett County 2 - Washington 0
BOTTOM OF THE 2ND
Washington Generals batting - Pitching for Gwinnett County Black Cats : RHP Mike Foley
Batting: RHB Daryl Yandell 0-0: Called Strike
0-1: Ball
1-1: Fly out, F4 (Popup, 34)
Batting: RHB Júlio Rodríguez 0-0: Ball
1-0: Foul Ball, location: 2F
1-1: Called Strike
1-2: Strikes out looking
Batting: RHB Alan Patterson 0-0: Ground out 6-3 (Groundball, 6)
Bottom of the 2nd over - 0 runs, 0 hits, 0 errors, 0 left on base; Gwinnett County 2 - Washington 0
TOP OF THE 3RD
Gwinnett County Black Cats batting - Pitching for Washington Generals : RHP Robert Acker
Batting: SHB Quentin Harrop 0-0: Ball
1-0: Ground out 1-3 (Groundball, P)
Batting: LHB Lonnie Murray 0-0: Fly out, F8 (Flyball, 8RS)
Batting: RHB Luc Bartoli 0-0: Ball
1-0: Ball
2-0: Foul Ball, location: 2F
2-1: Ball
3-1: Called Strike
3-2: Foul Ball, location: 2F
3-2: Ground out 1-3 (Groundball, 13S)
Top of the 3rd over - 0 runs, 0 hits, 0 errors, 0 left on base; Gwinnett County 2 - Washington 0
BOTTOM OF THE 3RD
Washington Generals batting - Pitching for Gwinnett County Black Cats : RHP Mike Foley
Batting: RHB Dan Vanblarcom 0-0: DOUBLE (Line Drive, 78XD)
Batting: RHB Gerardo Herváz 0-0: SINGLE (Line Drive, 6MD)
Dan Vanblarcom to third
Runner from 3rd tries for Home, SAFE, throw made home
Batting: RHB Robin Colwill 0-0: Ball
1-0: Ball
2-0: Swinging Strike
Passed Ball!
Gerardo Herváz to second
2-1: Ball
3-1: Base on Balls
Batting: RHB Fernando Acevedo 0-0: Called Strike
0-1: Grounds into double play, 6-4-3 (Groundball, 6D)
Gerardo Herváz to third
Batting: RHB Mike Case 0-0: Ball
1-0: SINGLE (Line Drive, 78S)
Gerardo Herváz scores
Batting: RHB Josh Mawdesley 0-0: Ball
1-0: Ball
2-0: Ball
3-0: Called Strike
3-1: Swinging Strike
3-2: Strikes out looking
Bottom of the 3rd over - 2 runs, 3 hits, 0 errors, 1 left on base; Gwinnett County 2 - Washington 2
TOP OF THE 4TH
Gwinnett County Black Cats batting - Pitching for Washington Generals : RHP Robert Acker
Batting: RHB Jeromy Gride 0-0: Called Strike
0-1: Foul Ball, location: 2F
0-2: Strikes out swinging
Batting: RHB Elder Sarrano 0-0: Ball
1-0: SINGLE (Groundball, 56D)
Batting: SHB Jesús López 0-0: Ball
1-0: Foul Ball, location: 2F
1-1: Ball
Elder Sarrano is caught stealing 2nd base
2-1: Swinging Strike
2-2: Foul Ball, location: 2F
2-2: Strikes out swinging
Top of the 4th over - 0 runs, 1 hit, 0 errors, 0 left on base; Gwinnett County 2 - Washington 2
BOTTOM OF THE 4TH
Washington Generals batting - Pitching for Gwinnett County Black Cats : RHP Mike Foley
Batting: RHB Daryl Yandell 0-0: Called Strike
0-1: Reached on error, E6 (Groundball, 56)
Batting: RHB Júlio Rodríguez 0-0: Swinging Strike
0-1: Swinging Strike
0-2: Ball
1-2: Strikes out swinging
Batting: RHB Alan Patterson 0-0: Ball
1-0: Ball
2-0: Called Strike
2-1: DOUBLE (Line Drive, 8LD)
Daryl Yandell scores
Batting: RHB Dan Vanblarcom 0-0: Called Strike
0-1: DOUBLE (Line Drive, 7LM)
Alan Patterson scores
Batting: RHB Gerardo Herváz 0-0: DOUBLE (Flyball, 78D)
Dan Vanblarcom scores
Batting: RHB Robin Colwill 0-0: Ball
1-0: Called Strike
1-1: Ball
2-1: Foul Ball, location: 2F
2-2: Strikes out swinging
Batting: RHB Fernando Acevedo 0-0: Foul Ball, location: 2F
0-1: Foul Ball, location: 2F
0-2: Foul Ball, location: 2F
0-2: Ball
1-2: Strikes out swinging
Bottom of the 4th over - 3 runs, 3 hits, 1 error, 1 left on base; Gwinnett County 2 - Washington 5
TOP OF THE 5TH
Gwinnett County Black Cats batting - Pitching for Washington Generals : RHP Robert Acker
Batting: RHB Wallace Bane 0-0: Ball
1-0: Fly out, F7 (Flyball, 7D)
Batting: RHB Willard Thexton 0-0: Called Strike
0-1: Ball
1-1: Fly out, F5 (Line Drive, 5)
Pitching: RHP Orlando Peralta
Batting: RHB Bill Wilson 0-0: Foul Ball, location: 2F
0-1: Foul Ball, location: 2F
0-2: Foul Ball, location: 2F
0-2: Ball
1-2: Foul Ball, location: 2F
1-2: Ground out U3 (Groundball, 34)
Top of the 5th over - 0 runs, 0 hits, 0 errors, 0 left on base; Gwinnett County 2 - Washington 5
BOTTOM OF THE 5TH
Washington Generals batting - Pitching for Gwinnett County Black Cats : RHP Mike Foley
Batting: RHB Mike Case 0-0: Foul Ball, location: 2F
0-1: Foul Ball, location: 2F
0-2: SINGLE (Groundball, 6MD)
Batting: RHB Josh Mawdesley 0-0: Foul Ball, location: 2F
0-1: Foul Ball, location: 2F
0-2: Ground out 4-3 (Groundball, 34)
Mike Case to second
Batting: RHB Daryl Yandell 0-0: Called Strike
0-1: Foul Ball, location: 2F
0-2: Foul Ball, location: 2F
0-2: Ball
1-2: Strikes out looking
Batting: RHB Júlio Rodríguez 0-0: Ball
1-0: Ball
2-0: Called Strike
2-1: Foul Ball, location: 2F
2-2: Ball
3-2: Foul Ball, location: 2F
3-2: Ground out U3 (Groundball, 2R)
Bottom of the 5th over - 0 runs, 1 hit, 0 errors, 1 left on base; Gwinnett County 2 - Washington 5
TOP OF THE 6TH
Gwinnett County Black Cats batting - Pitching for Washington Generals : RHP Orlando Peralta
Batting: SHB Quentin Harrop 0-0: Ball
1-0: DOUBLE (Line Drive, 9)
Batting: LHB Lonnie Murray 0-0: Called Strike
0-1: Ball
1-1: Ball
2-1: Fly out, F6 (Popup, 6MS)
Batting: RHB Luc Bartoli 0-0: Foul Ball, location: 2F
0-1: Ball
1-1: Foul Ball, location: 2F
1-2: Ball
2-2: Ground out 5-3 (Groundball, 56)
Batting: RHB Jeromy Gride 0-0: Swinging Strike
0-1: Foul Ball, location: 2F
0-2: Ball
1-2: Foul Ball, location: 2F
1-2: Ball
2-2: Ball
3-2: Fly out, F9 (Line Drive, 9S)
Top of the 6th over - 0 runs, 1 hit, 0 errors, 1 left on base; Gwinnett County 2 - Washington 5
BOTTOM OF THE 6TH
Washington Generals batting - Pitching for Gwinnett County Black Cats : RHP Mike Foley
Batting: RHB Alan Patterson 0-0: Ball
1-0: Foul Ball, location: 2F
1-1: SINGLE (Flyball, 9S)
Batting: RHB Dan Vanblarcom 0-0: Ball
1-0: Foul Ball, location: 2F
1-1: Foul Ball, location: 2F
1-2: Ball
2-2: Fly out, F7 (Flyball, 7S)
Batting: RHB Gerardo Herváz 0-0: Swinging Strike
0-1: Swinging Strike
0-2: Ball
1-2: Ball
2-2: Strikes out swinging
Batting: RHB Robin Colwill 0-0: Ball
1-0: Foul Ball, location: 2F
1-1: Fielders Choice at 2nd, 5-4 (Groundball, 5L)
Bottom of the 6th over - 0 runs, 1 hit, 0 errors, 1 left on base; Gwinnett County 2 - Washington 5
TOP OF THE 7TH
Gwinnett County Black Cats batting - Pitching for Washington Generals : RHP Orlando Peralta
Batting: RHB Elder Sarrano 0-0: Ball
1-0: Bunt missed!
1-1: Ball
2-1: Ball
3-1: Swinging Strike
3-2: Strikes out swinging
Batting: SHB Jesús López 0-0: Ball
1-0: Swinging Strike
1-1: Foul Ball, location: 2F
1-2: Strikes out looking
Batting: RHB Wallace Bane 0-0: Ball
1-0: SINGLE (Groundball, 56D)
Batting: RHB Willard Thexton 0-0: Called Strike
Wallace Bane steals 2nd base
0-1: Ground out 5-3 (Groundball, 56S)
Top of the 7th over - 0 runs, 1 hit, 0 errors, 1 left on base; Gwinnett County 2 - Washington 5
BOTTOM OF THE 7TH
Washington Generals batting - Pitching for Gwinnett County Black Cats : RHP Mike Foley
Batting: RHB Fernando Acevedo 0-0: Called Strike
0-1: Ball
1-1: Swinging Strike
1-2: Strikes out swinging
Batting: RHB Mike Case 0-0: Ball
1-0: DOUBLE (Line Drive, 7LM)
Pitching: RHP Xue-liang Li
Batting: RHB Josh Mawdesley 0-0: Swinging Strike
0-1: Ball
1-1: Called Strike
1-2: Strikes out swinging
Batting: RHB Daryl Yandell 0-0: Called Strike
0-1: Ball
1-1: Foul Ball, location: 2F
1-2: Strikes out swinging
Bottom of the 7th over - 0 runs, 1 hit, 0 errors, 1 left on base; Gwinnett County 2 - Washington 5
TOP OF THE 8TH
Gwinnett County Black Cats batting - Pitching for Washington Generals : RHP Orlando Peralta
Batting: RHB Bill Wilson 0-0: Called Strike
0-1: Foul Ball, location: 2F
0-2: Ball
1-2: Foul Ball, location: 2F
1-2: Ball
2-2: SINGLE (Groundball, 6D)
Batting: SHB Quentin Harrop 0-0: Called Strike
0-1: Foul Ball, location: 2F
0-2: Foul Ball, location: 2F
0-2: Grounds into double play, 5-4-3 (Groundball, 5D)
Batting: LHB Lonnie Murray 0-0: Called Strike
0-1: Ball
1-1: Swinging Strike
1-2: SINGLE (Groundball, 34D)
Batting: RHB Luc Bartoli 0-0: Called Strike
0-1: Ball
1-1: SINGLE (Line Drive, 89S)
Lonnie Murray to second
Pitching: LHP Ramón Cortéz
Batting: RHB Jeromy Gride 0-0: Foul Ball, location: 2F
0-1: Swinging Strike
0-2: Ball
1-2: Strikes out swinging
Top of the 8th over - 0 runs, 3 hits, 0 errors, 2 left on base; Gwinnett County 2 - Washington 5
BOTTOM OF THE 8TH
Washington Generals batting - Pitching for Gwinnett County Black Cats : RHP Xue-liang Li
Batting: RHB Júlio Rodríguez 0-0: Ball
1-0: Foul Ball, location: 2F
1-1: Called Strike
1-2: Foul Ball, location: 2F
1-2: Ball
2-2: Ball
3-2: DOUBLE (Flyball, 8LXD)
Batting: RHB Alan Patterson 0-0: Called Strike
0-1: Swinging Strike
0-2: Ball
1-2: Strikes out swinging
Batting: RHB Dan Vanblarcom 0-0: Called Strike
0-1: Ball
1-1: Ground out 6-3 (Groundball, 6)
Júlio Rodríguez to third
Batting: RHB Gerardo Herváz 0-0: Ball
1-0: Ball
2-0: Called Strike
2-1: Ball
Wild Pitch!
Júlio Rodríguez scores
3-1: Base on Balls
Batting: RHB Robin Colwill 0-0: Foul Ball, location: 2F
0-1: Fielders Choice at 2nd, 6-4 (Groundball, 6)
Bottom of the 8th over - 1 run, 1 hit, 0 errors, 1 left on base; Gwinnett County 2 - Washington 6
TOP OF THE 9TH
Gwinnett County Black Cats batting - Pitching for Washington Generals : LHP Ramón Cortéz
Batting: RHB Elder Sarrano 0-0: Ball
1-0: Ball
2-0: Called Strike
2-1: Called Strike
2-2: SINGLE (Line Drive, 9S)
Batting: SHB Jesús López 0-0: Called Strike
0-1: Ground out 3-1 (Groundball, 34S)
Elder Sarrano to second
Batting: RHB Wallace Bane 0-0: Fly out, F7 (Line Drive, 7D)
Runner from 2nd tags up, SAFE at 3rd, no throw
Batting: RHB Willard Thexton 0-0: Swinging Strike
0-1: Foul Ball, location: 2F
0-2: Strikes out swinging
Top of the 9th over - 0 runs, 1 hit, 0 errors, 1 left on base; Gwinnett County 2 - Washington 6
Sunday, March 18th, 2018 - OOTP Baseball 18.8 Build 76